 Dungeon Crawl Stone Soup version 0.25-a0-634-gd1561dc703 (webtiles) character file.

Game seed: 15686598957468620348, levelgen mode: deterministic

91 Chromatus the Chopper (level 4, 0/40 HPs)
             Began as a Hill Orc Monk on Mar 20, 2020.
             Succumbed to a water moccasin's poison
             ... on level 1 of the Dungeon.
             The game lasted 00:07:50 (2365 turns).

Chromatus the Chopper (Hill Orc Monk)               Turns: 2365, Time: 00:07:50

Health: 0/40       AC: 10    Str: 14    XL:     4   Next: 59%
Magic:  4/4        EV:  7    Int: 10    God:
Gold:   134        SH:  0    Dex: 13    Spells: 3/3 levels left

rFire    . . .     SeeInvis .   a - +0 hand axe
rCold    . . .     Gourm    +   (no shield)
rNeg     . . .     Faith    .   h - +0 chain mail
rPois    .         Spirit   .   (no helmet)
rElec    .         Reflect  .   (no cloak)
rCorr    .         Harm     .   c - +1 pair of gloves
MR       .....                  (no boots)
Stlth    ..........             i - amulet of the gourmand
HPRegen  0.13/turn              (no ring)
MPRegen  0.09/turn              (no ring)

@: brilliant, lethally poisoned (0 -> -19), flying
A: no striking features
a: no special abilities


You were on level 1 of the Dungeon.
You were hungry.

You visited 1 branch of the dungeon, and saw 2 of its levels.

You collected 134 gold pieces.

Inventory:

Hand Weapons
 a - a +0 hand axe (weapon)
Missiles
 j - a throwing net (quivered) {!f}
Armour
 c - a +1 pair of gloves (worn)
   (You found it on level 1 of the Dungeon)
 g - a +0 tower shield
   (You found it on level 1 of the Dungeon)
 h - a +0 chain mail (worn)
   (You found it on level 1 of the Dungeon)
 p - a +2 helmet
   (You took it off Robin on level 2 of the Dungeon)
Jewellery
 i - an amulet of the gourmand (around neck)
   (You found it on level 1 of the Dungeon)
Scrolls
 b - a scroll of blinking {unknown}
 d - a scroll of identify {unknown}
 k - a scroll of remove curse {unknown}
Comestibles
 e - 3 rations {!d}


   Skills:
 + Level 4.3 Fighting
 * Level 5.3 Axes
 + Level 1.7 Armour
 - Level 2.4 Dodging
 - Level 1.5 Stealth
 + Level 1.6 Shields


You had 3 spell levels left.
You didn't know any spells.
Your spell library was empty.

Dungeon Overview and Level Annotations

Branches:
Dungeon (2/15)

Altars:
Ashenzari


Message History

Your chain mail prevents you from hitting the water moccasin.
You feel sick. The water moccasin bites you.
The water moccasin bites you but does no damage.
Your chain mail prevents you from hitting the water moccasin.
You feel sick. The water moccasin bites you.
* * * LOW HITPOINT WARNING * * *
You feel better.
The water moccasin bites you but does no damage.
You miss the water moccasin.
The water moccasin bites you but does no damage. x2
You closely miss the water moccasin.
The water moccasin bites you but does no damage.
You closely miss the water moccasin. The water moccasin bites you!
* * * LOW HITPOINT WARNING * * *
The water moccasin closely misses you.
You hit the water moccasin but do no damage.
The water moccasin bites you.
* * * LOW HITPOINT WARNING * * *
The water moccasin closely misses you.
As you read the scroll labeled PEF JEKUABE, it crumbles to dust.
It is a scroll of amnesia.
You feel forgetful for a moment. The water moccasin bites you.
* * * LOW HITPOINT WARNING * * *
As you read the scroll of teleportation {@r4}, it crumbles to dust.
You feel strangely unstable. The water moccasin bites you.
* * * LOW HITPOINT WARNING * * *
You are lethally poisoned!
The water moccasin poisons you! The water moccasin bites you.
* * * LOW HITPOINT WARNING * * *
You are more poisoned.
The water moccasin poisons you!
It was a potion of flight.
You feel very buoyant.
You fly up into the air.
* * * LOW HITPOINT WARNING * * *
You feel sick. The water moccasin bites you.
* * * LOW HITPOINT WARNING * * *
It was a potion of brilliance.
You feel clever all of a sudden.
Your surroundings suddenly seem different.
* * * LOW HITPOINT WARNING * * *
You feel sick.
Unknown command.
You aren't carrying any potions.
You feel a craving for the dungeon's cuisine.
i - an amulet of the gourmand (around neck)
* * * LOW HITPOINT WARNING * * *
You feel sick.
Keep equipping yourself?
You die...

#.....#.#.#.#.###.##.............
#≈##.##.#....................#.#.
#≈##.##.#.#......................
≈≈##.##.#.#.#.#.#..#..##.###.#.#.
≈....(..#.#.#.#.#..#..##.###.#.#.
≈................................
≈.##.#..###.#.#.#..#....S........
≈.##S.....(......................
≈...............@................
..##.#.####.#.#.#..........#S.##.
..##.#.# #................(......
..##.#.# #..#.#.#..##.##.###..##.
..##.#.# #..#.#..................
..##.#.###..#.#.#..##.######..##.
#.##.#......#.#.#..##.### #.....
#.##.#......#...........# ##.##.
........).....#.#..##.### #.##S


There were no monsters in sight!

Vanquished Creatures
  A worker ant (D:2)
  Robin (D:2)
  A gnoll (D:2)
  A worm (D:2)
  A leopard gecko (D:2)
  A giant cockroach (D:2)
  10 hobgoblins
  3 kobolds
  A ball python (D:2)
  2 bats (D:2)
  6 frilled lizards (D:2)
  14 goblins
42 creatures vanquished.

Notes
Turn   | Place    | Note
-------+----------+-------------------------------------------
     0 | D:1      | Chromatus the Hill Orc Monk began the quest for the Orb.
     0 | D:1      | Reached XP level 1. HP: 19/19 MP: 1/1
   953 | D:1      | Reached XP level 2. HP: 26/27 MP: 2/2
  1148 | D:2      | Reached skill level 1 in Armour
  1148 | D:2      | Reached skill level 1 in Shields
  1284 | D:2      | Reached XP level 3. HP: 33/33 MP: 3/3
  1339 | D:2      | Found a shattered altar of Ashenzari.
  1579 | D:2      | Reached skill level 5 in Axes
  1579 | D:2      | Reached XP level 4. HP: 24/40 MP: 4/4
  1786 | D:2      | Noticed Robin
  1832 | D:2      | Killed Robin
  2175 | D:2      | Noticed a water moccasin
  2364 | D:1      | HP: 2/40 [poisoned by a water moccasin]
  2365 | D:1      | Succumbed to a water moccasin's poison

Levels and vault maps discovered:
D:1:      psy_arrival_radial01, layout_basic, chequers_serial_rivers_small_a
D:2:      layout_basic, overflow_temple_1_default, lemuel_crystal_altar,
          uniq_robin

Skill      XL: |  1  2  3 |
---------------+----------+-----
Armour         | 1 |  1.7
Shields        | 1 |  1.6
Fighting       | 4 |  4.3
Axes           | 5 |  5.3
Dodging        | |  2.4
Stealth        | |  1.5

Action                   |  1- 3 |  4- 6 || total
-------------------------+-------+-------++-------
Melee: Hand axe          |   110 |    75 ||   185
  Use: Potion            |     3 |     4 ||     7
       Scroll            |       |     3 ||     3
  Eat: Chunk             |     2 |     2 ||     4
Armor: Chain mail        |    62 |    49 ||   111
       Robe              |     1 |       ||     1
       Skin              |     1 |       ||     1
Dodge: Dodged            |    22 |    30 ||    52

Table legend:
 A = Non-vault XP
 B = Vault XP
 C = Vault XP percentage of total XP
 D = Non-vault monster count
 E = Vault monster count
 F = Vault count percentage of total count
                 A         B        C        D         E       F
            +---------+---------+-------+---------+---------+-------
      Total |      94 |      37 |  28.2 |      29 |      13 |  31.0
            +---------+---------+-------+---------+---------+-------
        D:1 |      10 |       0 |   0.0 |       6 |       0 |   0.0
        D:2 |      84 |      37 |  30.6 |      23 |      13 |  36.1
            +---------+---------+-------+---------+---------+-------
